AoeStats
← 把腿掰开

Arena

505019290Analyzed
3v3 RM · 25d ago on Sep 7, 2026· 60m 21s· 6 players
Game mode
Random Map
Map size
Normal (6 player)
Population
200
Speed
Normal
Resources
Standard
Victory
Conquest
Starting age
Dark Age
Ending age
Imperial Age
RankedLock teamsTeams togetherTeam positionsShared explorationLock speedFull tech treeHidden civsTurbo modeCheats
Victory
Defeat
🇹🇼 Britons · Taiwan
1046
+14
🇹🇼 Franks · Taiwan
1045
+14
🇹🇼 Italians · Taiwan
1039
+15
🇨🇳 Turks · China
1034
-15
🇨🇳 Khmer · China
1022
-15
🇨🇳 Poles · China
979
-13
把腿掰开
3:19 Loom
9:59 Feudal Age
11:18 Double-Bit Axe
11:50 Gold Mining
18:30 Castle Age
29:43 Wheelbarrow
30:08 Padded Archer Armor
30:30 Fletching
34:04 Imperial Age
32:54 Leather Archer Armor
33:39 Squires
34:25 Bow Saw
35:16 Town Watch
36:21 Horse Collar
37:43 Two-Man Saw
38:17 Husbandry
38:27 Bloodlines
40:46 Scale Barding Armor
40:52 Forging
40:43 Scale Mail Armor
41:49 Hand Cart
41:57 Town Patrol
42:38 Caravan
45:36 Chain Barding Armor
45:51 Iron Casting
45:12 Bodkin Arrow
45:47 Ring Archer Armor
45:24 Heavy Plow
48:01 Plate Barding Armor
50:34 Blast Furnace
49:37 Heavy Camel Rider
探索黑洞
5:50 Loom
11:15 Feudal Age
16:58 Castle Age
15:38 Stone Mining
15:47 Double-Bit Axe
18:15 Bow Saw
22:13 Elite Skirmisher
25:45 Town Watch
38:22 Imperial Age
35:54 Gold Mining
36:26 Horse Collar
38:54 Heavy Plow
39:25 Scale Barding Armor
40:23 Wheelbarrow
42:23 Szlachta Privileges
42:53 Light Cavalry
43:34 Husbandry
43:45 Bloodlines
46:29 Treadmill Crane
49:25 Masonry
49:37 Ballistics
50:28 Crop Rotation
53:06 Chain Barding Armor
52:57 Forging
52:48 Scale Mail Armor
53:53 Wheelbarrow
54:01 Padded Archer Armor
54:34 Winged Hussar
59:50 Iron Casting
七级床震
9:36 Feudal Age
14:48 Castle Age
13:11 Double-Bit Axe
16:53 Bow Saw
20:12 Loom
21:07 Wheelbarrow
20:20 Town Watch
27:11 Horse Collar
28:15 Heavy Plow
28:11 Gold Mining
28:11 Stone Mining
34:01 Imperial Age
31:45 Bloodlines
31:36 Husbandry
31:53 Light Cavalry
33:02 Ballistics
34:26 Gold Shaft Mining
34:28 Stone Shaft Mining
34:19 Hand Cart
35:26 Crop Rotation
35:19 Forging
35:14 Scale Barding Armor
36:47 Chemistry
35:58 Masonry
36:39 Double Crossbow
37:01 Conscription
38:10 Tusk Swords
38:58 Iron Casting
38:43 Chain Barding Armor
39:39 Hussar
41:25 Blast Furnace
43:36 Elite Ballista Elephant
52:17 Coinage
[xLERx] wuchen
10:22 Feudal Age
14:12 Castle Age
17:55 Fletching
20:41 Bodkin Arrow
21:25 Loom
33:24 Imperial Age
32:37 Padded Archer Armor
32:39 Double-Bit Axe
32:36 Horse Collar
33:34 Wheelbarrow
34:09 Bow Saw
34:01 Heavy Plow
34:40 Bracer
36:20 Scale Mail Armor
36:44 Ballistics
37:21 Chain Mail Armor
37:17 Forging
39:16 Yeomen
39:53 Plate Mail Armor
38:48 Pikeman
41:02 Iron Casting
42:54 Blast Furnace
41:59 Man-at-Arms
43:03 Long Swordsman
43:21 Halberdier
44:35 Two-Handed Swordsman
47:01 Chemistry
46:22 Hand Cart
47:21 Warwolf
50:02 Onager
52:13 Champion
53:43 Conscription
54:59 Leather Archer Armor
55:28 Light Cavalry
57:19 Ring Archer Armor
56:55 Scale Barding Armor
57:44 Elite Longbowman
[xLERx] Eddie
2:22 Loom
11:25 Feudal Age
15:32 Castle Age
15:44 Double-Bit Axe
17:22 Scale Barding Armor
19:52 Bow Saw
30:58 Chain Barding Armor
36:01 Imperial Age
33:41 Gold Mining
33:42 Stone Mining
35:59 Wheelbarrow
37:15 Scale Mail Armor
37:26 Forging
37:53 Plate Barding Armor
36:39 Cavalier
37:20 Husbandry
37:23 Scale Mail Armor
40:06 Iron Casting
39:43 Husbandry
40:56 Conscription
42:40 Blast Furnace
42:41 Chain Mail Armor
41:50 Pikeman
42:31 Squires
43:14 Paladin
44:59 Halberdier
46:07 Chivalry
47:11 Gold Shaft Mining
47:10 Light Cavalry
51:12 Chain Mail Armor
53:24 Coinage
52:55 Caravan
[xLERx] littleseven
9:58 Feudal Age
9:26 Loom
14:56 Castle Age
13:13 Double-Bit Axe
13:41 Horse Collar
15:09 Gold Mining
26:02 Forging
27:04 Wheelbarrow
26:39 Fletching
28:05 Crossbowman
33:29 Imperial Age
31:20 Padded Archer Armor
32:29 Hand Cart
32:39 Hand Cart
32:10 Town Watch
34:16 Bodkin Arrow
35:52 Chemistry
35:54 Conscription
35:56 Bloodlines
35:47 Husbandry
35:09 Light Cavalry
36:03 Bracer
36:31 Heavy Plow
37:20 Conscription
39:49 Leather Archer Armor
39:44 Forging
40:31 Crop Rotation
39:41 Hussar
41:06 Ring Archer Armor
40:33 Stone Mining
40:47 Scale Mail Armor
42:04 Squires
42:54 Stone Shaft Mining
44:03 Iron Casting
43:43 Chain Mail Armor
47:10 Blast Furnace
46:40 Plate Mail Armor
46:33 Elite Genoese Crossbowman
47:39 Elite Genoese Crossbowman
48:52 Scale Barding Armor
58:10 Arson
59:41 Town Patrol
Connection lost

Rejoining the realm…

Still unreachable

The connection could not be restored.

Session expired

The server has moved on; the page needs a fresh start.